Map: Dusk Towers

Players

LuTZ

  • Race: Protoss Protoss
  • League: Platinum

LilDicky - Winner!

  • Race: Terran Terran
  • League: Diamond

VOD

http://www.twitch.tv/tumescentpie

Description

Time

  • Played on: Dec. 6, 2015, 8:35 p.m.
  • Length: 5:29
Show
View Real Time Build Order
Export as new Build Order

LuTZ Protoss 

Build Orders: Oracle Opening 

Get SALT Encoding   

  12  0:01  Probe (Chrono Boost)  
  13  0:12  Probe (Chrono Boost)  
  14  0:19  Pylon  
  14  0:24  Probe (Chrono Boost)  
  15  0:37  Probe (Chrono Boost)  
  16  0:44  Gateway  
  16  0:46  Assimilator  
  16  0:47  Probe (Chrono Boost)  
  17  0:56  Assimilator  
  17  0:58  Probe (Chrono Boost)  
  19  1:11  Probe (Chrono Boost)  
  19  1:22  Probe (Chrono Boost)  
  20  1:31  Cybernetics Core  
  20  1:46  Nexus  
  20  1:53  Probe (Chrono Boost)  
  21  2:02  Pylon  
  21  2:05  Probe (Chrono Boost)  
  22  2:13  Pylon  
  22  2:16  Probe (Chrono Boost)  
  23  2:31  Mothership Core (Chrono Boost)  
  23  2:32  Stargate  
  25  2:44  Adept  
  25  2:46  Warp Gate  
  27  2:57  Probe (Chrono Boost)  
  28  3:06  Pylon  
  28  3:19  Robotics Facility  
  27  3:20  Pylon  
  27  3:21  Oracle (Chrono Boost)  
  30  3:33  Forge  
  29  3:51  Adept  
  31  3:57  Oracle (Chrono Boost)  
  30  4:17  Observer  
  30  4:20  Probe  
  30  4:22  Probe  
  33  4:26  Pylon  
  33  4:31  Probe, Oracle (Chrono Boost)  
  36  4:34  Probe  
  38  4:41  Probe  
  37  4:46  Probe  
  37  4:52  Probe  
  34  4:58  Probe  
  36  5:00  Photon Cannon  
  36  5:02  Probe  
Show
View Real Time Build Order
Export as new Build Order

LilDicky Terran - Winner!

Build Orders: MMM Bio 

Get SALT Encoding   

  12  0:02  SCV  
  13  0:14  SCV  
  14  0:22  Supply Depot  
  14  0:26  Refinery  
  14  0:29  SCV  
  15  0:43  SCV  
  15  0:46  Barracks  
  16  0:56  SCV  
  17  1:08  SCV  
  18  1:20  SCV  
  19  1:34  Factory  
  19  1:37  Marine  
  19  1:38  Supply Depot  
  19  1:39  Orbital Command  
  20  1:55  Marine  
  21  2:05  SCV, Barracks  
  22  2:11  Barracks  
  22  2:16  Refinery  
  22  2:23  SCV  
  22  2:25  Barracks Reactor  
  23  2:34  Factory Tech Lab  
  23  2:36  Factory Tech Lab  
  23  2:37  Widow Mine  
  25  2:45  Supply Depot  
  25  2:50  SCV  
  26  2:53  Barracks Tech Lab  
  26  2:58  Barracks Tech Lab  
  26  3:03  SCV  
  26  3:05  Marine x2  
  29  3:06  Widow Mine  
  29  3:08  Supply Depot  
  31  3:15  SCV  
  31  3:17  Stimpack  
  31  3:18  Combat Shields  
  32  3:22  Marine  
  33  3:27  SCV, Marine  
  33  3:28  Marine  
  36  3:43  Marauder  
  36  3:47  Marauder  
  38  3:49  SCV, Marine  
  38  3:55  Supply Depot  
  40  3:57  Marine  
  40  4:05  Widow Mine  
  40  4:07  Marine  
  34  4:20  SCV  
  34  4:23  Marine x2  
  34  4:24  Marauder  
  39  4:32  Supply Depot  
  39  4:37  Concussive Shells  
  42  4:38  Hellion  
  42  4:45  Marine, Marauder  
  42  4:46  Marine  
  42  4:49  SCV  
  42  4:51  Marine  
  42  5:03  Marine  
  42  5:04  Marine  
Tags
 
Add a new tag
Caveats
  • Supply blocks, unpowered buildings, or Contaminate may cause inaccurate times.
  • Supply counts are checked every 10 seconds.